 Dungeon Crawl Stone Soup version 0.31.0-12-g77e489cdc1 (webtiles) character file.

Game seed: 12446616346051794028

7 Killerpretzel the Changeling (level 2, -2/18 HPs)
             Began as an Octopode Shapeshifter on Feb 13, 2024.
             Slain by a jackal (3 damage)
             ... on level 1 of the Dungeon.
             The game lasted 00:00:09 (80 turns).

Killerpretzel the Changeling (Octopode Shapeshifter)  Turns: 80, Time: 00:00:09

Health: -2/18      AC:  1    Str: 13    XL:     2   Next: 4%
Magic:  2/2        EV: 13    Int: 12    God:
Gold:   0          SH:  0    Dex: 11    Spells: 1/1 levels left

rFire   . .          .
                       - Unarmed
rCold   . . .        (no shield)
rNeg    . . .        (helmet currently unavailable)
rPois   .            (no amulet)
rElec   .            (no ring)
rCorr   .            (no ring)
SInv    .            (no ring)
Will    .....        (no ring)
Stlth   ++           (no ring)
HPRegen 0.23/turn    (no ring)
MPRegen 0.08/turn    (no ring)
                     (no ring)

%: no passive effects
@: beast-form
A: beast (slay +1), almost no armour, amphibious, 8 rings, camouflage 1,
gelatinous body 1, (nimble swimmer 1), tentacles
a: Begin Untransformation


You were on level 1 of the Dungeon.
You were a hulking beast.
You visited 1 branch of the dungeon, and saw 1 of its levels.

Inventory:

Talismans
 b - a beast talisman
 c - a flux talisman
Scrolls
 d - a scroll of enchant weapon {unknown}
 e - a scroll of identify {unknown}
Potions
 a - a potion of lignification


   Skills:
 + Level 1.2 Fighting
 + Level 2.1 Dodging
 + Level 3.1 Unarmed Combat
 * Level 3.1 Shapeshifting


You had one spell level left.
You didn't know any spells.
Your spell library was empty.

Dungeon Overview and Level Annotations

Branches:
Dungeon (1/15)

Altars:


Innate Abilities, Weirdness & Mutations

You are a hulking beast.
Your limbs bulge with bestial killing power. (Slay +1)
You cannot wear most types of armour.
You are amphibious.
You can wear up to eight rings at the same time.
Your skin changes colour to match your surroundings (Stealth+).
Your rubbery body absorbs attacks. (AC +1, EV +1)
((You are camouflaged when in or above water. (Stealth+)))
You have tentacles for arms and can constrict up to eight enemies at once.


Message History

You are too injured to fight recklessly!
You are too injured to fight recklessly!
You are too injured to fight recklessly!
You are too injured to fight recklessly!
You are too injured to fight recklessly!
There are monsters nearby!
You completely miss the endoplasm.
The endoplasm is heavily wounded.
The endoplasm closely misses you. The frilled lizard bites you.
You tentacle-slap the endoplasm.
You kill the endoplasm!
The frilled lizard bites you.
You miss the frilled lizard. Your grab misses the frilled lizard.
Your squeeze misses the frilled lizard. The frilled lizard closely misses you.
You barely miss the frilled lizard.
The jackal barks!
You grab the frilled lizard. You constrict the frilled lizard.
The frilled lizard bites you.
You bludgeon the frilled lizard!
You kill the frilled lizard!
A bat comes into view.
You tentacle-slap the jackal. You grab the jackal.
You tentacle-slap the jackal.
You kill the jackal!
The jackal bites you but does no damage.
You tentacle-slap the jackal.
You kill the jackal!
You have reached level 2!
You miss the jackal. Your grab misses the jackal. The jackal bites you.
You closely miss the jackal. Your grab misses the jackal. The jackal bites you.
You tentacle-slap the jackal but do no damage.
Your grab misses the jackal. Your squeeze misses the jackal.
The jackal bites you.
* * * LOW HITPOINT WARNING * * *
The jackal bites you.
* * * LOW HITPOINT WARNING * * *
The goblin hits you with a +0 club.
* * * LOW HITPOINT WARNING * * *
You closely miss the jackal. Your grab misses the jackal. The jackal bites you.
You die...

# # ## + #. # . # .#
#.# ###.## #.# #.. l
#.# #)#.# . #.#
##h#.##.. #.#
#.ghb..... #.#
####..#.#.... ##.######
#.......#.... #.(.....#
#.##........
#.#####.####.##.##.#..#
#.####.......[..# .#..#
.†...#.................
#.##....####.......###


You could see a jackal, a goblin and a bat.

Vanquished Creatures
  An endoplasm (D:1)
  A hobgoblin (D:1)
  2 jackals (D:1)
  A frilled lizard (D:1)
  A kobold (D:1)
  A rat (D:1)
7 creatures vanquished.

Notes
Turn   | Place    | Note
-------+----------+-------------------------------------------
     0 | D:1      | Killerpretzel the Octopode Shapeshifter began the quest for
                  | the Orb.
     0 | D:1      | Reached XP level 1. HP: 13/13 MP: 1/1
    77 | D:1      | Reached XP level 2. HP: 6/18 MP: 2/2
    80 | D:1      | Slain by a jackal

Illustrated notes

Levels and vault maps discovered:
D:1:      evilmike_arrival_crescent, layout_loops_cross, basic_ecumenical_altar,
          grunt_decor_clamped, kennysheep_small_spiral

Action                     || total
---------------------------++-------
  Melee: Unarmed           ||    19
         Constrict         ||     3
         Punch             ||     1
         Tentacles         ||     1
   Stab: Sleeping          ||     2
 Armour: Skin              ||    12
  Dodge: Dodged            ||     7
